Map: 카이로스 정션 - 래더

Players

PartinG

  • Race: Protoss Protoss
  • Spawn Location: 5:00

Hurricane - Winner!

  • Race: Protoss Protoss
  • Spawn Location: 11:00

Event: IEM Season 13: Katowice (2019)

VOD

Have the link to the VOD?

Description

Time

  • Played on: Feb. 26, 2019, 7:30 a.m.
  • Length: 9:47

All games in this series

Show
View Real Time Build Order
Export as new Build Order

PartinG Protoss 

Build Orders: Blink Stalkers 

Get SALT Encoding   

  12  0:00  Probe  
  13  0:12  Probe  
  14  0:17  Pylon  
  14  0:24  Probe  
  15  0:32  Probe  
  15  0:38  Gateway  
  15  0:40  Probe  
  16  0:46  Assimilator  
  17  0:50  Probe  
  17  0:54  Assimilator  
  18  0:58  Probe  
  19  1:07  Gateway, Probe  
  20  1:17  Probe  
  20  1:25  Cybernetics Core  
  21  1:29  Probe  
  22  1:34  Pylon  
  22  1:41  Probe  
  23  1:53  Probe  
  26  2:01  Adept  
  26  2:02  Warp Gate, Adept  
  28  2:08  Pylon  
  28  2:28  Twilight Council  
  28  2:31  Stalker  
  28  2:32  Sentry  
  32  2:37  Blink  
  32  2:38  Probe  
  33  3:00  Nexus  
  34  3:10  Probe  
  34  3:22  Probe  
  34  3:24  Robotics Facility  
  35  3:34  Probe  
  35  3:38  Pylon  
  36  3:42  Pylon  
  36  3:57  Probe  
  36  4:00  Stalker x2  
  39  4:03  Shield Battery  
  39  4:05  Warp Prism  
  39  4:09  Shield Battery  
  39  4:24  Stalker  
  41  4:31  Stalker  
  43  4:43  Immortal  
  47  4:49  Stalker  
  49  4:59  Stalker  
  49  5:01  Stalker  
  49  5:04  Probe  
  49  5:05  Pylon  
  46  5:15  Stalker  
  46  5:26  Stalker  
  43  5:38  Stalker  
  43  5:39  Probe x2  
  47  5:46  Stalker  
  47  6:02  Stalker  
  45  6:06  Probe x2  
  45  6:09  Stalker  
  49  6:14  Robotics Bay  
  49  6:15  Probe x2  
  50  6:23  Probe x2  
  50  6:24  Observer  
  52  6:26  Stalker  
  52  6:28  Pylon  
  56  6:32  Probe  
  56  6:33  Stalker  
  56  6:35  Probe  
  60  6:53  Sentry  
  62  6:54  Probe  
  62  6:55  Probe  
  62  6:56  Assimilator  
  62  6:57  Assimilator  
  62  6:58  Sentry  
  66  7:06  Probe  
  66  7:07  Probe  
  58  7:23  Sentry, Zealot  
  58  7:24  Probe x2  
  62  7:32  Disruptor  
  62  7:36  Probe x2  
  67  7:48  Probe x2  
  69  7:53  Pylon  
  69  7:55  Gateway  
  69  7:57  Gateway, Stalker x2  
  73  7:59  Gateway  
  73  8:00  Gateway  
  73  8:06  Disruptor  
  72  8:26  Stalker x2  
  74  8:33  Disruptor  
  74  8:36  Shield Battery  
  74  8:37  Pylon  
  74  8:40  Forge, Pylon  
  74  8:41  Pylon  
  74  8:43  Observer  
  77  8:53  Stalker x4  
  85  9:02  Stalker x2  
  86  9:20  Stalker x4  
  81  9:32  Stalker x2  
Show
View Real Time Build Order
Export as new Build Order

Hurricane Protoss - Winner!

Build Orders: Phoenix Opening 

Get SALT Encoding   

  12  0:00  Probe  
  13  0:12  Probe  
  14  0:17  Pylon  
  14  0:23  Probe  
  15  0:31  Probe  
  15  0:37  Gateway  
  15  0:39  Probe  
  16  0:46  Assimilator  
  17  0:50  Probe  
  17  0:56  Assimilator  
  18  0:58  Probe  
  19  1:07  Probe  
  20  1:15  Gateway  
  20  1:17  Probe  
  21  1:26  Cybernetics Core  
  21  1:30  Probe  
  22  1:37  Pylon  
  22  1:42  Probe  
  23  1:49  Warp Gate  
  23  1:55  Probe  
  24  2:02  Sentry, Stalker  
  28  2:10  Pylon  
  28  2:17  Pylon  
  28  2:33  Stalker x2  
  32  2:42  Phoenix  
  32  2:46  Gateway  
  32  2:58  Probe  
  33  3:03  Shield Battery  
  33  3:09  Nexus  
  33  3:14  Shield Battery  
  33  3:21  Pylon  
  33  3:27  Probe  
  34  3:37  Stalker  
  34  3:39  Stalker  
  38  3:45  Probe  
  39  3:59  Stalker  
  39  4:00  Stalker  
  43  4:04  Probe  
  43  4:09  Stalker  
  46  4:19  Probe  
  47  4:25  Sentry x2, Probe  
  47  4:27  Probe  
  53  4:33  Sentry, Probe  
  53  4:37  Probe  
  56  4:38  Twilight Council  
  56  4:43  Probe  
  58  5:00  Stalker x2  
  58  5:03  Pylon  
  60  5:08  Robotics Facility  
  60  5:15  Stalker  
  60  5:19  Probe  
  61  5:21  Probe  
  56  5:39  Stalker x3  
  58  5:43  Probe x2  
  58  5:46  Assimilator  
  58  5:48  Assimilator  
  60  5:51  Immortal  
  50  6:08  Shield Battery  
  46  6:17  Stalker x3, Shield Battery  
  52  6:19  Probe x2  
  52  6:21  Immortal  
  52  6:23  Pylon  
  58  6:38  Blink  
  58  6:46  Zealot, Stalker x2  
  64  6:48  Shield Battery  
  62  7:02  Gateway  
  62  7:05  Gateway  
  62  7:07  Gateway  
  62  7:08  Pylon  
  62  7:13  Zealot x3  
  66  7:17  Warp Prism  
  60  7:34  Pylon  
  51  7:46  Probe x2  
  51  7:49  Pylon  
  53  7:52  Immortal  
  57  8:01  Stalker x3  
  57  8:04  Sentry  
  65  8:13  Stalker x2  
  69  8:24  Observer  
  69  8:33  Pylon  
  70  8:34  Pylon  
  70  8:35  Pylon  
  70  8:51  Forge, Stalker x2  
  70  8:52  Stalker x2  
  78  8:55  Pylon  
  78  8:56  Sentry x2  
  76  9:29  Stalker x5  
  86  9:32  Stalker  

Tags
 
Add a new tag
Caveats
  • Supply blocks, unpowered buildings, or Contaminate may cause inaccurate times.
  • Supply counts are checked every 10 seconds.